[ AOE2 MATCH · #479218852 ]
UnrankedPersians vs Bohemians
Player's team · LOSS
[ REPLAY ANALYSIS · EXTRACTED FROM THE RECORDED GAME ]
Feudal
12:29
Castle
16:26
Imperial
31:36
| APM avg | 22.2 |
| APM peak | 110 |
| eAPM avg | 18.7 |
| Villagers / military | 277 / 177 |
Focus
⚔️ 23.7% · 🌾 76.3%
War Elephant ×149 · Trade Cart ×33 · Battering Ram ×28
Feudal
12:57
Castle
29:35
Imperial
44:00
| APM avg | 16.5 |
| APM peak | 66 |
| eAPM avg | 8.5 |
| Villagers / military | 111 / 159 |
Focus
⚔️ 37.4% · 🌾 62.6%
Archer ×81 · Spearman ×40 · Chu Ko Nu ×26 · Trade Cart ×14 · Skirmisher ×5 · Scout Cavalry ×4
Feudal
13:13
Castle
23:55
Imperial
38:44
| APM avg | 8.5 |
| APM peak | 32 |
| eAPM avg | 5.5 |
| Villagers / military | 92 / 28 |
Focus
⚔️ 17.7% · 🌾 82.3%
Trade Cart ×26 · Hussite Wagon ×18 · Spearman ×9 · Battering Ram ×1
Feudal
9:47
Castle
13:24
Imperial
30:06
| APM avg | 34.0 |
| APM peak | 123 |
| eAPM avg | 18.9 |
| Villagers / military | 218 / 97 |
Focus
⚔️ 16.9% · 🌾 83.1%
Boyar ×93 · Trade Cart ×71 · Petard ×4
Feudal
9:42
Castle
19:13
Imperial
37:19
| APM avg | 13.1 |
| APM peak | 92 |
| eAPM avg | 7.9 |
| Villagers / military | 95 / 27 |
Focus
⚔️ 14.6% · 🌾 85.4%
Longbowman ×11 · Knight ×10 · Trade Cart ×6 · Spearman ×4 · Trebuchet (Packed) ×2
Feudal
13:03
Castle
32:17
Imperial
—
| APM avg | 12.1 |
| APM peak | 34 |
| eAPM avg | 8.0 |
| Villagers / military | 62 / 12 |
Focus
⚔️ 23.5% · 🌾 76.5%
Spearman ×4 · Camel Scout ×3 · Scout Cavalry ×3 · Janissary ×2 · Trade Cart ×2
Feudal
11:30
Castle
26:35
Imperial
36:30
| APM avg | 15.8 |
| APM peak | 57 |
| eAPM avg | 11.9 |
| Villagers / military | 103 / 314 |
Focus
⚔️ 26.2% · 🌾 73.8%
Scout Cavalry ×205 · Knight ×106 · Trade Cart ×15 · Militia ×2 · Monk ×1
Feudal
11:15
Castle
19:57
Imperial
36:06
| APM avg | 22.9 |
| APM peak | 68 |
| eAPM avg | 14.1 |
| Villagers / military | 160 / 350 |
Focus
⚔️ 19.4% · 🌾 80.6%
Coustillier ×129 · Flemish Militia ×125 · Spearman ×92 · Trade Cart ×43 · Mangonel ×4
Match map
Initial resources + every placement click. Lines = walls · curves = elevation contours. ◆ gold · ⬟ stone · ● berries · ✦ relic · ◌ wall gap
Your base· Open — unwalled flank
Skanderbeg Liberated's base· ✓ Closed at 29:35 · 54t walls · 1 gate(s) · fragile
PAPI ALBERT's base· ✓ Closed at 23:55 · 0t walls · fragile
66狗's base· Open — unwalled flank
COCA COLA DE VIDRIO's base· Open — unwalled flank
我是厨子不是愚公,只会做饭不会易大山's base· ✓ Closed at 32:17 · 50t walls · fragile
00000000000000000000000000000000's base· ✓ Closed at 26:35 · 31t walls · 1 gate(s) · fragile
Перелом пиписьки's base· Open — unwalled flank
Smoothed initial terrain · ◌ = detected wall gap · hover for details
Inputs per minute
— ttexit0 - - Skanderbeg Liberated
Build order — ttexit0
First 150 of 483 actions detected
| 0:05 | Build | House |
| 0:08 | Build | House |
| 0:30 | Create | Villager (Male) |
| 0:30 | Create | Villager (Male) |
| 0:31 | Create | Villager (Male) |
| 0:31 | Create | Villager (Male) |
| 0:31 | Create | Villager (Male) |
| 0:31 | Create | Villager (Male) |
| 0:32 | Create | Villager (Male) |
| 0:46 | Research | Loom |
| 1:44 | Create | Villager (Male) |
| 2:11 | Research | Loom |
| 2:27 | Create | Villager (Male) |
| 2:27 | Create | Villager (Male) |
| 2:27 | Create | Villager (Male) |
| 3:02 | Create | Villager (Male) |
| 3:02 | Create | Villager (Male) |
| 3:26 | Create | Villager (Male) |
| 3:26 | Create | Villager (Male) |
| 3:47 | Build | House |
| 3:52 | Create | Villager (Male) |
| 3:52 | Create | Villager (Male) |
| 4:19 | Create | Villager (Male) |
| 4:19 | Create | Villager (Male) |
| 4:32 | Create | Villager (Male) |
| 4:32 | Create | Villager (Male) |
| 4:32 | Create | Villager (Male) |
| 5:10 | Create | Villager (Male) |
| 5:10 | Create | Villager (Male) |
| 5:24 | Build | House |
| 5:48 | Create | Villager (Male) |
| 5:59 | Create | Villager (Male) |
| 6:17 | Create | Villager (Male) |
| 6:18 | Create | Villager (Male) |
| 6:19 | Create | Villager (Male) |
| 6:19 | Create | Villager (Male) |
| 6:20 | Create | Villager (Male) |
| 6:33 | Build | House |
| 6:52 | Create | Villager (Male) |
| 6:52 | Create | Villager (Male) |
| 6:52 | Create | Villager (Male) |
| 7:13 | Create | Villager (Male) |
| 7:14 | Create | Villager (Male) |
| 7:20 | Build | Lumber Camp |
| 7:36 | Build | Mill |
| 8:26 | Create | Villager (Male) |
| 8:26 | Create | Villager (Male) |
| 8:26 | Create | Villager (Male) |
| 9:32 | Research | Feudal Age |
| 10:30 | Create | Villager (Male) |
| 10:30 | Create | Villager (Male) |
| 10:30 | Create | Villager (Male) |
| 10:31 | Create | Villager (Male) |
| 10:42 | Build | Farm |
| 10:44 | Build | Farm |
| 10:45 | Build | Farm |
| 11:25 | Build | House |
| 12:13 | Build | Farm |
| 12:16 | Build | Farm |
| 12:29 | Age | Feudal Age |
| 12:35 | Build | Farm |
| 12:45 | Build | Market |
| 12:50 | Build | Blacksmith |
| 12:54 | Research | Horse Collar |
| 13:11 | Research | Double-Bit Axe |
| 13:48 | Research | Castle Age |
| 14:04 | Research | Horse Collar |
| 14:15 | Create | Villager (Male) |
| 14:37 | Build | Lumber Camp |
| 14:53 | Create | Villager (Male) |
| 14:53 | Create | Villager (Male) |
| 14:53 | Create | Villager (Male) |
| 15:23 | Create | Villager (Male) |
| 15:42 | Build | House |
| 15:45 | Build | House |
| 16:26 | Age | Castle Age |
| 16:31 | Build | Town Center |
| 16:36 | Build | Town Center |
| 16:49 | Research | Bow Saw |
| 17:19 | Create | Villager (Male) |
| 17:23 | Build | Town Center |
| 17:56 | Create | Villager (Male) ×3 |
| 17:56 | Create | Villager (Male) ×3 |
| 17:56 | Create | Villager (Male) ×3 |
| 18:00 | Build | Farm |
| 18:05 | Build | Farm |
| 18:08 | Build | Farm |
| 18:13 | Build | Farm |
| 18:17 | Build | Farm |
| 18:18 | Create | Villager (Male) |
| 18:19 | Create | Villager (Male) |
| 18:22 | Build | Farm |
| 18:24 | Build | Farm |
| 18:29 | Create | Villager (Male) |
| 18:29 | Create | Villager (Male) |
| 18:30 | Create | Villager (Male) |
| 18:36 | Build | Farm |
| 18:39 | Build | Farm |
| 18:44 | Build | Farm |
| 18:46 | Create | Villager (Male) |
| 18:46 | Create | Villager (Male) |
| 18:46 | Create | Villager (Male) |
| 18:50 | Build | House |
| 18:51 | Build | House |
| 18:53 | Build | House |
| 19:01 | Build | Farm |
| 19:02 | Create | Villager (Male) |
| 19:02 | Create | Villager (Male) |
| 19:03 | Create | Villager (Male) |
| 19:07 | Build | Farm |
| 19:11 | Build | Farm |
| 19:13 | Create | Villager (Male) |
| 19:13 | Create | Villager (Male) |
| 19:13 | Create | Villager (Male) |
| 19:21 | Build | Farm |
| 19:22 | Build | Farm |
| 19:29 | Build | Farm |
| 19:30 | Create | Villager (Male) |
| 19:30 | Create | Villager (Male) |
| 19:34 | Build | Farm |
| 19:37 | Create | Villager (Male) |
| 19:37 | Create | Villager (Male) |
| 19:37 | Create | Villager (Male) |
| 19:46 | Build | Farm |
| 19:47 | Build | Farm |
| 19:54 | Create | Villager (Male) ×2 |
| 19:55 | Create | Villager (Male) ×2 |
| 19:59 | Build | Farm |
| 20:01 | Create | Villager (Male) |
| 20:02 | Create | Villager (Male) |
| 20:06 | Create | Villager (Male) |
| 20:06 | Create | Villager (Male) |
| 20:09 | Build | Farm |
| 20:12 | Build | Farm |
| 20:18 | Build | Farm |
| 20:22 | Create | Villager (Male) ×2 |
| 20:22 | Create | Villager (Male) ×2 |
| 20:23 | Create | Villager (Male) ×2 |
| 20:26 | Build | House |
| 20:27 | Build | House |
| 20:37 | Create | Villager (Male) ×2 |
| 20:38 | Create | Villager (Male) ×2 |
| 20:42 | Create | Villager (Male) |
| 20:43 | Create | Villager (Male) |
| 20:48 | Build | Farm |
| 20:51 | Build | Farm |
| 20:52 | Create | Villager (Male) |
| 20:52 | Create | Villager (Male) |
| 21:00 | Build | Farm |
| 21:02 | Build | Farm |
Build order — Skanderbeg Liberated
First 150 of 285 actions detected
| 0:04 | Research | Loom |
| 1:15 | Create | Villager (Male) |
| 1:58 | Create | Villager (Male) |
| 2:21 | Create | Villager (Male) |
| 2:46 | Create | Villager (Male) |
| 3:02 | Create | Villager (Male) |
| 3:18 | Create | Villager (Male) |
| 3:46 | Create | Villager (Male) ×2 |
| 4:10 | Build | House |
| 4:31 | Create | Villager (Male) ×2 |
| 6:02 | Create | Villager (Male) ×2 |
| 8:52 | Build | Palisade Wall |
| 9:04 | Create | Villager (Male) ×5 |
| 9:23 | Build | Mill |
| 9:35 | Build | Palisade Wall |
| 10:27 | Build | Lumber Camp |
| 10:48 | Research | Feudal Age |
| 10:58 | Build | House |
| 11:48 | Build | Palisade Wall |
| 12:03 | Build | Barracks |
| 12:23 | Build | Palisade Wall |
| 12:57 | Age | Feudal Age |
| 13:11 | Build | Stone Wall |
| 13:16 | Create | Villager (Male) ×5 |
| 13:18 | Research | Wheelbarrow |
| 13:30 | Research | Horse Collar |
| 13:53 | Build | Farm |
| 13:53 | Build | Farm |
| 13:53 | Build | Farm |
| 13:54 | Build | Farm |
| 13:54 | Build | Farm |
| 13:58 | Create | Villager (Male) |
| 14:08 | Build | Palisade Gate |
| 14:15 | Build | Palisade Wall |
| 14:28 | Research | Double-Bit Axe |
| 16:32 | Create | Militia |
| 16:33 | Create | Militia |
| 16:45 | Build | Farm |
| 16:45 | Build | Farm |
| 16:45 | Build | Farm |
| 16:46 | Build | Farm |
| 17:30 | Build | Stable |
| 17:36 | Create | Villager (Male) ×5 |
| 18:14 | Build | Palisade Wall |
| 18:29 | Build | Watch Tower |
| 18:50 | Create | Scout Cavalry |
| 18:51 | Create | Scout Cavalry |
| 18:51 | Create | Scout Cavalry |
| 18:56 | Build | Blacksmith |
| 19:22 | Create | Villager (Male) ×2 |
| 19:34 | Build | Mining Camp |
| 19:51 | Build | House |
| 20:08 | Build | House |
| 20:13 | Build | House |
| 20:25 | Create | Villager (Male) ×4 |
| 20:57 | Create | Scout Cavalry |
| 21:11 | Build | Palisade Wall |
| 21:25 | Create | Villager (Male) |
| 21:40 | Build | House |
| 21:43 | Build | House |
| 21:50 | Research | Bloodlines |
| 22:18 | Research | Forging |
| 22:45 | Build | Mining Camp |
| 23:05 | Build | Archery Range |
| 23:12 | Build | Palisade Wall |
| 23:17 | Build | Palisade Gate |
| 23:21 | Build | Palisade Wall |
| 23:34 | Build | House |
| 23:45 | Create | Villager (Male) |
| 23:45 | Create | Villager (Male) |
| 23:46 | Create | Villager (Male) |
| 24:12 | Create | Skirmisher |
| 24:13 | Create | Skirmisher |
| 24:13 | Create | Skirmisher |
| 24:17 | Create | Archer |
| 24:18 | Create | Archer |
| 24:18 | Create | Archer |
| 24:39 | Build | Farm |
| 24:40 | Build | Farm |
| 24:40 | Build | Farm |
| 24:40 | Build | Farm |
| 24:41 | Build | Farm |
| 24:55 | Build | Market |
| 24:57 | Build | Market |
| 26:49 | Build | House |
| 26:55 | Research | Castle Age |
| 26:57 | Create | Villager (Male) |
| 28:37 | Create | Archer |
| 28:37 | Create | Archer |
| 28:37 | Create | Archer |
| 28:38 | Create | Skirmisher |
| 28:38 | Create | Skirmisher |
| 29:09 | Create | Trade Cart |
| 29:10 | Create | Trade Cart |
| 29:10 | Create | Trade Cart |
| 29:10 | Create | Trade Cart |
| 29:11 | Create | Trade Cart |
| 29:11 | Create | Trade Cart |
| 29:11 | Create | Trade Cart |
| 29:11 | Create | Trade Cart |
| 29:19 | Build | House |
| 29:19 | Build | House |
| 29:20 | Build | House |
| 29:20 | Build | House |
| 29:20 | Build | House |
| 29:21 | Build | House |
| 29:21 | Build | House |
| 29:21 | Build | House |
| 29:21 | Build | House |
| 29:31 | Create | Villager (Male) ×5 |
| 29:35 | Age | Castle Age |
| 29:39 | Research | Hand Cart |
| 30:09 | Build | Town Center |
| 30:19 | Build | Farm |
| 30:20 | Build | Farm |
| 30:36 | Research | Crossbowman (upgrade) |
| 31:06 | Build | Farm |
| 31:22 | Research | Bow Saw |
| 31:57 | Research | Heavy Plow |
| 32:30 | Create | Villager (Male) ×5 |
| 32:42 | Research | Caravan |
| 33:35 | Build | University |
| 33:43 | Create | Villager (Male) ×5 |
| 34:12 | Build | Farm |
| 34:12 | Build | Farm |
| 34:13 | Build | Farm |
| 34:13 | Build | Farm |
| 34:13 | Build | Farm |
| 34:14 | Build | Farm |
| 34:36 | Research | Fortified Wall (upgrade) |
| 35:03 | Create | Villager (Male) |
| 35:06 | Create | Villager (Male) |
| 35:06 | Create | Villager (Male) |
| 35:07 | Create | Villager (Male) |
| 35:07 | Create | Villager (Male) |
| 35:27 | Build | Town Center |
| 35:49 | Build | Lumber Camp |
| 36:24 | Create | Villager (Male) ×5 |
| 36:58 | Create | Villager (Male) |
| 36:59 | Create | Villager (Male) |
| 37:06 | Create | Villager (Male) ×5 |
| 37:06 | Create | Villager (Male) ×5 |
| 37:07 | Create | Villager (Male) ×5 |
| 37:07 | Create | Villager (Male) |
| 37:43 | Build | Farm |
| 37:43 | Build | Farm |
| 37:43 | Build | Farm |
| 37:44 | Build | Farm |
| 37:44 | Build | Farm |
| 37:53 | Build | Farm |
Build order — PAPI ALBERT
First 150 of 234 actions detected
| 0:22 | Research | Loom |
| 0:22 | Create | Villager (Male) |
| 0:23 | Create | Villager (Male) |
| 0:23 | Create | Villager (Male) |
| 0:23 | Create | Villager (Male) |
| 1:13 | Build | House |
| 1:15 | Build | House |
| 1:56 | Create | Villager (Male) |
| 3:15 | Build | House |
| 3:16 | Build | House |
| 3:41 | Create | Villager (Male) |
| 3:41 | Create | Villager (Male) |
| 3:41 | Create | Villager (Male) |
| 4:20 | Create | Villager (Male) |
| 4:21 | Create | Villager (Male) |
| 4:21 | Create | Villager (Male) |
| 4:43 | Build | Lumber Camp |
| 5:19 | Create | Villager (Male) |
| 6:02 | Create | Villager (Male) |
| 6:02 | Create | Villager (Male) |
| 6:02 | Create | Villager (Male) |
| 6:02 | Create | Villager (Male) |
| 6:03 | Create | Villager (Male) |
| 6:03 | Create | Villager (Male) |
| 7:22 | Create | Villager (Male) |
| 7:22 | Create | Villager (Male) |
| 9:09 | Build | Mining Camp |
| 9:17 | Create | Villager (Male) |
| 9:17 | Create | Villager (Male) |
| 9:18 | Create | Villager (Male) |
| 9:19 | Create | Villager (Male) |
| 9:48 | Build | Mill |
| 11:03 | Research | Feudal Age |
| 11:21 | Build | Barracks |
| 11:32 | Build | House |
| 11:33 | Build | House |
| 13:13 | Age | Feudal Age |
| 13:15 | Research | Wheelbarrow |
| 13:18 | Research | Double-Bit Axe |
| 13:50 | Research | Town Watch |
| 13:51 | Create | Villager (Male) |
| 13:51 | Create | Villager (Male) |
| 13:51 | Create | Villager (Male) |
| 14:22 | Build | Farm |
| 14:24 | Build | Farm |
| 14:30 | Build | Farm |
| 14:44 | Create | Villager (Male) |
| 14:57 | Build | House |
| 14:58 | Build | House |
| 14:59 | Build | House |
| 15:00 | Build | House |
| 15:08 | Build | Farm |
| 15:37 | Create | Villager (Male) |
| 15:51 | Build | Farm |
| 16:01 | Build | Farm |
| 16:02 | Build | Farm |
| 16:03 | Build | Farm |
| 16:18 | Build | Farm |
| 16:19 | Build | Farm |
| 16:21 | Build | Farm |
| 16:22 | Build | Farm |
| 16:24 | Build | Farm |
| 16:28 | Create | Villager (Male) |
| 16:29 | Create | Villager (Male) |
| 16:55 | Build | Market |
| 16:59 | Build | Market |
| 17:09 | Create | Spearman |
| 17:10 | Create | Spearman |
| 17:23 | Create | Villager (Male) |
| 17:33 | Build | Farm |
| 17:36 | Research | Horse Collar |
| 17:54 | Create | Villager (Male) |
| 17:54 | Create | Villager (Male) |
| 17:54 | Create | Villager (Male) |
| 18:01 | Build | Mining Camp |
| 18:23 | Build | Farm |
| 18:53 | Build | Farm |
| 18:58 | Create | Villager (Male) |
| 19:24 | Create | Spearman |
| 19:24 | Create | Spearman |
| 20:00 | Create | Villager (Male) |
| 20:12 | Build | Blacksmith |
| 20:22 | Create | Villager (Male) |
| 20:38 | Create | Spearman |
| 20:39 | Create | Spearman |
| 20:47 | Create | Villager (Male) |
| 21:15 | Research | Castle Age |
| 21:29 | Build | House |
| 21:30 | Build | House |
| 21:39 | Build | House |
| 21:50 | Create | Spearman |
| 21:50 | Create | Spearman |
| 21:51 | Create | Spearman |
| 23:16 | Create | Trade Cart |
| 23:17 | Create | Trade Cart |
| 23:17 | Create | Trade Cart |
| 23:55 | Age | Castle Age |
| 24:30 | Build | Town Center |
| 24:35 | Research | Bow Saw |
| 24:41 | Build | Town Center |
| 24:44 | Create | Villager (Male) |
| 24:44 | Create | Villager (Male) |
| 24:44 | Create | Villager (Male) |
| 24:44 | Create | Villager (Male) |
| 24:45 | Create | Villager (Male) |
| 24:50 | Research | Heavy Plow |
| 25:16 | Build | University |
| 25:29 | Build | Lumber Camp |
| 25:32 | Create | Villager (Male) |
| 25:32 | Create | Villager (Male) |
| 25:32 | Create | Villager (Male) |
| 25:33 | Create | Villager (Male) |
| 25:33 | Create | Villager (Male) |
| 25:33 | Create | Villager (Male) |
| 25:33 | Create | Villager (Male) |
| 25:34 | Create | Villager (Male) |
| 25:47 | Create | Villager (Male) |
| 26:11 | Build | Castle |
| 26:29 | Create | Villager (Male) |
| 26:38 | Build | House |
| 26:38 | Build | House |
| 26:41 | Build | House |
| 26:42 | Build | House |
| 26:43 | Build | House |
| 26:44 | Build | House |
| 27:05 | Research | Pikeman (upgrade) |
| 27:15 | Create | Trade Cart |
| 27:15 | Create | Trade Cart |
| 27:16 | Create | Trade Cart |
| 27:23 | Create | Villager (Male) |
| 27:23 | Create | Villager (Male) |
| 27:24 | Create | Villager (Male) |
| 27:24 | Create | Villager (Male) |
| 27:24 | Create | Villager (Male) |
| 27:24 | Create | Villager (Male) |
| 27:25 | Create | Villager (Male) |
| 27:25 | Create | Villager (Male) |
| 27:25 | Create | Villager (Male) |
| 27:29 | Research | Hand Cart |
| 27:30 | Create | Villager (Male) |
| 27:35 | Create | Villager (Male) |
| 28:12 | Build | Siege Workshop |
| 28:13 | Build | Siege Workshop |
| 28:44 | Research | Squires |
| 29:03 | Build | Mining Camp |
| 29:06 | Create | Hussite Wagon |
| 29:06 | Create | Hussite Wagon |
| 29:06 | Create | Hussite Wagon |
| 29:28 | Create | Villager (Male) |
| 29:28 | Create | Villager (Male) |
Build order — 66狗
First 150 of 545 actions detected
| 0:01 | Create | Villager (Male) |
| 0:01 | Create | Villager (Male) |
| 0:01 | Create | Villager (Male) |
| 0:02 | Build | House |
| 0:04 | Build | House |
| 0:51 | Create | Villager (Male) |
| 0:51 | Create | Villager (Male) |
| 0:51 | Create | Villager (Male) |
| 1:23 | Create | Villager (Male) |
| 1:24 | Create | Villager (Male) |
| 1:48 | Build | Lumber Camp |
| 2:11 | Create | Villager (Male) |
| 2:11 | Create | Villager (Male) |
| 2:11 | Create | Villager (Male) |
| 2:28 | Create | Villager (Male) |
| 2:28 | Create | Villager (Male) |
| 2:28 | Create | Villager (Male) |
| 2:51 | Create | Villager (Male) |
| 2:51 | Create | Villager (Male) |
| 2:59 | Create | Villager (Male) |
| 2:59 | Create | Villager (Male) |
| 3:30 | Create | Villager (Male) |
| 3:30 | Create | Villager (Male) |
| 3:54 | Build | House |
| 3:57 | Build | Mill |
| 4:16 | Create | Villager (Male) |
| 4:16 | Create | Villager (Male) |
| 4:16 | Create | Villager (Male) |
| 4:16 | Create | Villager (Male) |
| 5:00 | Create | Villager (Male) |
| 5:00 | Create | Villager (Male) |
| 5:27 | Create | Villager (Male) |
| 5:27 | Create | Villager (Male) |
| 5:28 | Create | Villager (Male) |
| 5:35 | Build | House |
| 6:22 | Create | Villager (Male) |
| 6:23 | Create | Villager (Male) |
| 6:23 | Create | Villager (Male) |
| 6:23 | Create | Villager (Male) |
| 7:09 | Create | Villager (Male) |
| 7:36 | Research | Feudal Age |
| 7:36 | Research | Feudal Age |
| 7:36 | Research | Feudal Age |
| 8:28 | Create | Villager (Male) |
| 8:28 | Create | Villager (Male) |
| 9:47 | Age | Feudal Age |
| 9:51 | Build | Market |
| 9:53 | Build | Blacksmith |
| 10:44 | Research | Castle Age |
| 10:44 | Research | Castle Age |
| 10:44 | Research | Castle Age |
| 11:09 | Research | Horse Collar |
| 11:10 | Research | Horse Collar |
| 11:10 | Research | Horse Collar |
| 11:36 | Build | Farm |
| 11:37 | Build | Farm |
| 11:41 | Build | Farm |
| 11:47 | Build | House |
| 12:15 | Research | Double-Bit Axe |
| 12:16 | Research | Double-Bit Axe |
| 12:16 | Research | Double-Bit Axe |
| 12:59 | Create | Villager (Male) |
| 13:24 | Age | Castle Age |
| 13:28 | Build | Town Center |
| 13:34 | Build | Town Center |
| 13:39 | Create | Villager (Male) |
| 13:59 | Build | Farm |
| 14:15 | Create | Villager (Male) |
| 14:18 | Build | Farm |
| 14:25 | Build | Farm |
| 14:28 | Build | Farm |
| 14:34 | Create | Villager (Male) |
| 14:48 | Create | Villager (Male) |
| 14:49 | Build | Farm |
| 15:04 | Create | Villager (Male) |
| 15:16 | Create | Villager (Male) |
| 15:16 | Create | Villager (Male) |
| 15:19 | Create | Villager (Male) |
| 15:20 | Create | Villager (Male) |
| 15:26 | Build | Farm |
| 15:32 | Build | House |
| 15:58 | Create | Villager (Male) |
| 15:58 | Create | Villager (Male) |
| 15:59 | Create | Villager (Male) |
| 16:03 | Build | Farm |
| 16:04 | Build | Farm |
| 16:05 | Build | Farm |
| 16:11 | Create | Villager (Male) |
| 16:28 | Create | Villager (Male) |
| 16:28 | Create | Villager (Male) |
| 16:28 | Create | Villager (Male) |
| 16:30 | Build | House |
| 16:40 | Create | Villager (Male) |
| 16:40 | Create | Villager (Male) |
| 16:46 | Create | Villager (Male) |
| 16:46 | Create | Villager (Male) |
| 16:50 | Build | Farm |
| 16:53 | Build | Farm |
| 16:57 | Build | Farm |
| 16:58 | Create | Villager (Male) |
| 16:58 | Create | Villager (Male) |
| 16:59 | Create | Villager (Male) |
| 17:01 | Build | Farm |
| 17:02 | Create | Villager (Male) |
| 17:15 | Create | Villager (Male) |
| 17:15 | Create | Villager (Male) |
| 17:15 | Create | Villager (Male) |
| 17:26 | Build | House |
| 17:30 | Create | Villager (Male) |
| 17:31 | Create | Villager (Male) |
| 17:34 | Build | Farm |
| 17:35 | Build | Farm |
| 17:42 | Build | Town Center |
| 17:45 | Create | Villager (Male) |
| 17:45 | Create | Villager (Male) |
| 17:53 | Build | House |
| 18:17 | Create | Villager (Male) |
| 18:18 | Create | Villager (Male) |
| 18:18 | Create | Villager (Male) |
| 18:18 | Create | Villager (Male) |
| 18:26 | Build | House |
| 18:28 | Create | Villager (Male) |
| 18:28 | Create | Villager (Male) |
| 18:31 | Build | Farm |
| 18:32 | Build | Farm |
| 18:34 | Build | Farm |
| 18:38 | Build | Farm |
| 18:41 | Create | Villager (Male) |
| 18:58 | Create | Villager (Male) |
| 18:58 | Create | Villager (Male) |
| 19:02 | Build | House |
| 19:09 | Create | Villager (Male) |
| 19:11 | Build | Farm |
| 19:16 | Create | Villager (Male) |
| 19:16 | Create | Villager (Male) |
| 19:16 | Create | Villager (Male) |
| 19:17 | Create | Villager (Male) |
| 19:22 | Build | Farm |
| 19:24 | Build | Farm |
| 19:26 | Build | Farm |
| 19:28 | Create | Villager (Male) |
| 19:38 | Create | Villager (Male) |
| 19:41 | Build | House |
| 19:54 | Build | Farm |
| 19:57 | Build | Farm |
| 19:59 | Create | Villager (Male) |
| 20:02 | Research | Heavy Plow |
| 20:03 | Research | Heavy Plow |
| 20:03 | Research | Heavy Plow |
| 20:04 | Create | Villager (Male) |
Build order — COCA COLA DE VIDRIO
First 150 of 216 actions detected
| 0:03 | Build | House |
| 0:05 | Build | House |
| 0:10 | Create | Villager (Male) |
| 0:11 | Create | Villager (Male) |
| 0:11 | Create | Villager (Male) |
| 0:11 | Create | Villager (Male) |
| 0:11 | Create | Villager (Male) |
| 2:24 | Create | Villager (Male) |
| 2:24 | Create | Villager (Male) |
| 2:24 | Create | Villager (Male) |
| 2:24 | Create | Villager (Male) |
| 3:03 | Build | Lumber Camp |
| 3:35 | Create | Villager (Male) |
| 3:36 | Create | Villager (Male) |
| 3:36 | Create | Villager (Male) |
| 3:36 | Create | Villager (Male) |
| 4:37 | Create | Villager (Male) |
| 5:25 | Build | House |
| 6:28 | Build | Mill |
| 6:31 | Create | Villager (Male) |
| 6:31 | Create | Villager (Male) |
| 7:04 | Build | House |
| 7:29 | Create | Villager (Male) |
| 7:32 | Research | Feudal Age |
| 7:51 | Build | House |
| 9:27 | Create | Villager (Male) |
| 9:42 | Age | Feudal Age |
| 10:05 | Create | Villager (Male) |
| 11:04 | Create | Villager (Male) |
| 11:10 | Create | Villager (Male) |
| 11:24 | Research | Double-Bit Axe |
| 11:36 | Build | Mining Camp |
| 11:40 | Create | Villager (Male) |
| 12:10 | Create | Villager (Male) |
| 12:16 | Research | Horse Collar |
| 12:58 | Build | Farm |
| 12:59 | Build | Farm |
| 12:59 | Build | Farm |
| 13:00 | Build | Farm |
| 13:02 | Build | Farm |
| 13:22 | Create | Villager (Male) |
| 13:44 | Create | Villager (Male) |
| 13:49 | Research | Gold Mining |
| 13:54 | Build | Market |
| 13:59 | Create | Villager (Male) |
| 14:18 | Build | Blacksmith |
| 14:35 | Build | House |
| 14:37 | Build | House |
| 14:39 | Build | House |
| 14:44 | Build | Mining Camp |
| 14:47 | Create | Villager (Male) |
| 14:48 | Create | Villager (Male) |
| 15:22 | Build | House |
| 16:33 | Research | Castle Age |
| 17:18 | Research | Stone Mining |
| 19:13 | Age | Castle Age |
| 19:16 | Create | Villager (Male) |
| 19:16 | Create | Villager (Male) |
| 19:16 | Create | Villager (Male) |
| 19:36 | Build | Town Center |
| 20:15 | Build | House |
| 20:28 | Create | Villager (Male) |
| 20:28 | Create | Villager (Male) |
| 20:53 | Create | Villager (Male) |
| 20:53 | Create | Villager (Male) |
| 20:53 | Create | Villager (Male) |
| 20:53 | Create | Villager (Male) |
| 21:01 | Build | Farm |
| 21:15 | Create | Trade Cart |
| 21:16 | Create | Trade Cart |
| 21:23 | Create | Villager (Male) |
| 21:23 | Create | Villager (Male) |
| 21:23 | Create | Villager (Male) |
| 21:37 | Build | Town Center |
| 21:43 | Create | Villager (Male) |
| 21:44 | Research | Wheelbarrow |
| 21:50 | Build | Farm |
| 21:50 | Build | Farm |
| 21:51 | Build | Farm |
| 21:52 | Build | Farm |
| 21:55 | Build | Farm |
| 22:03 | Create | Villager (Male) |
| 22:04 | Create | Villager (Male) |
| 22:51 | Build | Farm |
| 23:23 | Create | Trade Cart |
| 23:26 | Build | Farm |
| 23:41 | Research | Bow Saw |
| 23:47 | Create | Villager (Male) |
| 23:47 | Create | Villager (Male) |
| 23:51 | Create | Villager (Male) |
| 24:07 | Create | Villager (Male) |
| 24:08 | Create | Villager (Male) |
| 24:14 | Build | House |
| 24:18 | Build | House |
| 24:29 | Build | Stone Wall |
| 24:34 | Build | Gate |
| 24:41 | Build | Barracks |
| 24:46 | Build | House |
| 25:02 | Create | Villager (Male) |
| 25:02 | Create | Villager (Male) |
| 25:02 | Create | Villager (Male) |
| 25:03 | Create | Villager (Male) |
| 25:17 | Create | Trade Cart |
| 25:20 | Create | Villager (Male) |
| 25:21 | Create | Villager (Male) |
| 25:21 | Create | Villager (Male) |
| 25:25 | Create | Villager (Male) |
| 25:25 | Create | Villager (Male) |
| 25:35 | Create | Villager (Male) |
| 25:53 | Build | Farm |
| 26:03 | Build | Mining Camp |
| 26:20 | Build | Farm |
| 26:39 | Build | Farm |
| 26:45 | Create | Villager (Male) |
| 26:45 | Create | Villager (Male) |
| 27:06 | Build | Farm |
| 27:09 | Research | Hand Cart |
| 27:12 | Create | Villager (Male) |
| 27:18 | Build | Farm |
| 27:21 | Create | Villager (Male) |
| 27:38 | Build | Farm |
| 28:19 | Build | University |
| 28:36 | Create | Villager (Male) |
| 28:36 | Create | Villager (Male) |
| 28:41 | Build | Lumber Camp |
| 28:46 | Build | Lumber Camp |
| 28:51 | Research | Heavy Plow |
| 28:55 | Research | Gold Shaft Mining |
| 29:38 | Build | Castle |
| 29:49 | Create | Villager (Male) |
| 29:49 | Create | Villager (Male) |
| 29:50 | Create | Villager (Male) |
| 29:52 | Create | Villager (Male) |
| 29:54 | Create | Villager (Male) |
| 29:54 | Create | Villager (Male) |
| 30:19 | Build | Castle |
| 30:32 | Create | Villager (Male) |
| 30:43 | Build | Lumber Camp |
| 30:59 | Create | Villager (Male) |
| 30:59 | Create | Villager (Male) |
| 30:59 | Create | Villager (Male) |
| 31:00 | Create | Villager (Male) |
| 31:02 | Create | Villager (Male) |
| 31:17 | Build | Town Center |
| 31:36 | Create | Villager (Male) |
| 31:41 | Create | Villager (Male) |
| 31:41 | Create | Villager (Male) |
| 31:56 | Create | Trade Cart |
| 31:57 | Create | Trade Cart |
| 31:57 | Research | Caravan |
Build order — 我是厨子不是愚公,只会做饭不会易大山
150 actions detected in the replay
| 0:58 | Create | Villager (Male) |
| 0:59 | Create | Villager (Male) ×3 |
| 1:00 | Create | Villager (Male) ×3 |
| 1:20 | Build | House |
| 1:20 | Build | House |
| 1:21 | Build | House |
| 1:21 | Build | House |
| 1:22 | Build | House |
| 1:24 | Build | House |
| 2:01 | Build | Lumber Camp |
| 3:13 | Create | Villager (Male) |
| 3:15 | Research | Loom |
| 3:43 | Create | Villager (Male) |
| 3:43 | Create | Villager (Male) |
| 4:13 | Create | Villager (Male) |
| 4:13 | Create | Villager (Male) |
| 4:33 | Create | Villager (Male) |
| 5:13 | Create | Villager (Male) |
| 5:13 | Create | Villager (Male) |
| 5:13 | Create | Villager (Male) |
| 5:48 | Create | Villager (Male) |
| 5:48 | Create | Villager (Male) |
| 7:04 | Build | Mill |
| 8:16 | Create | Villager (Male) |
| 8:16 | Create | Villager (Male) |
| 8:16 | Create | Villager (Male) |
| 8:50 | Create | Villager (Male) |
| 8:51 | Create | Villager (Male) |
| 8:51 | Create | Villager (Male) |
| 10:53 | Research | Feudal Age |
| 12:12 | Create | Villager (Male) |
| 12:13 | Create | Villager (Male) |
| 12:13 | Create | Villager (Male) |
| 12:13 | Create | Villager (Male) |
| 13:03 | Age | Feudal Age |
| 13:12 | Build | Barracks |
| 13:39 | Create | Villager (Male) |
| 13:39 | Create | Villager (Male) |
| 13:39 | Create | Villager (Male) |
| 13:44 | Research | Double-Bit Axe |
| 14:02 | Create | Villager (Male) |
| 14:02 | Create | Villager (Male) |
| 14:58 | Build | Stone Wall |
| 15:29 | Create | Spearman |
| 15:30 | Create | Spearman |
| 15:30 | Create | Spearman |
| 15:30 | Create | Spearman |
| 15:40 | Build | Watch Tower |
| 15:50 | Build | House |
| 15:50 | Build | House |
| 15:51 | Build | House |
| 15:51 | Build | House |
| 15:51 | Build | House |
| 15:51 | Build | House |
| 15:52 | Build | House |
| 15:52 | Build | House |
| 16:00 | Create | Villager (Male) |
| 16:00 | Create | Villager (Male) |
| 16:01 | Create | Villager (Male) |
| 16:50 | Build | Mining Camp |
| 17:46 | Build | Watch Tower |
| 19:06 | Build | Blacksmith |
| 19:13 | Build | Mining Camp |
| 19:24 | Research | Stone Mining |
| 19:40 | Create | Villager (Male) |
| 19:41 | Research | Wheelbarrow |
| 19:41 | Create | Villager (Male) |
| 19:42 | Create | Villager (Male) |
| 19:42 | Create | Villager (Male) |
| 19:42 | Create | Villager (Male) |
| 19:43 | Create | Villager (Male) |
| 19:58 | Build | Watch Tower |
| 20:02 | Research | Fletching |
| 20:10 | Build | Farm |
| 20:12 | Build | Farm |
| 20:14 | Build | Farm |
| 20:53 | Build | Watch Tower |
| 21:51 | Build | Stone Wall |
| 23:03 | Build | Stone Wall |
| 23:07 | Build | Stone Wall |
| 23:22 | Build | Stone Wall |
| 23:33 | Build | Stone Wall |
| 23:41 | Build | Stone Wall |
| 24:05 | Build | Stone Wall |
| 24:36 | Build | Stone Wall |
| 24:53 | Build | Farm |
| 24:54 | Build | Farm |
| 24:55 | Build | Farm |
| 24:57 | Build | Farm |
| 24:59 | Build | Farm |
| 25:52 | Build | Watch Tower |
| 26:23 | Build | Mining Camp |
| 26:31 | Create | Villager (Male) |
| 26:31 | Create | Villager (Male) |
| 26:32 | Create | Villager (Male) |
| 26:32 | Create | Villager (Male) |
| 26:32 | Create | Villager (Male) |
| 26:48 | Build | Market |
| 26:58 | Build | Stone Wall |
| 27:15 | Build | Stone Wall |
| 29:09 | Build | Stable |
| 29:37 | Research | Castle Age |
| 29:42 | Create | Trade Cart ×2 |
| 30:18 | Create | Scout Cavalry |
| 30:19 | Create | Scout Cavalry |
| 30:19 | Create | Scout Cavalry |
| 30:25 | Build | Mining Camp |
| 30:45 | Build | Mining Camp |
| 30:48 | Research | Gold Mining |
| 31:13 | Build | House |
| 31:13 | Build | House |
| 31:13 | Build | House |
| 31:14 | Build | House |
| 31:14 | Build | House |
| 31:15 | Build | House |
| 31:16 | Build | House |
| 31:18 | Build | House |
| 31:44 | Build | Watch Tower |
| 32:17 | Age | Castle Age |
| 32:24 | Build | Castle |
| 32:33 | Create | Villager (Male) |
| 32:33 | Create | Villager (Male) |
| 32:33 | Create | Villager (Male) |
| 32:33 | Create | Villager (Male) |
| 32:34 | Create | Villager (Male) |
| 32:34 | Create | Villager (Male) |
| 32:45 | Build | Town Center |
| 32:50 | Research | Horse Collar |
| 33:05 | Create | Camel Scout |
| 33:06 | Create | Camel Scout |
| 33:06 | Create | Camel Scout |
| 34:05 | Create | Janissary |
| 34:06 | Create | Janissary |
| 34:21 | Build | Stone Wall |
| 34:59 | Build | Farm |
| 35:38 | Build | Town Center |
| 35:45 | Build | Farm |
| 36:24 | Build | Stone Wall |
| 36:39 | Build | Mining Camp |
| 36:47 | Create | Villager (Male) |
| 36:47 | Create | Villager (Male) |
| 36:53 | Build | Farm |
| 36:59 | Create | Villager (Male) |
| 37:00 | Create | Villager (Male) |
| 37:00 | Create | Villager (Male) |
| 37:00 | Create | Villager (Male) |
| 37:52 | Create | Villager (Male) |
| 37:52 | Create | Villager (Male) |
| 37:53 | Create | Villager (Male) |
| 38:53 | Build | Castle |
Build order — 00000000000000000000000000000000
First 150 of 377 actions detected
| 0:07 | Build | House |
| 0:09 | Build | House |
| 0:10 | Create | Villager (Male) |
| 0:10 | Create | Villager (Male) |
| 0:11 | Create | Villager (Male) |
| 0:11 | Create | Villager (Male) |
| 0:11 | Create | Villager (Male) |
| 1:39 | Create | Villager (Male) |
| 1:59 | Build | Lumber Camp |
| 2:06 | Create | Villager (Male) |
| 2:06 | Create | Villager (Male) |
| 2:24 | Create | Villager (Male) |
| 2:24 | Create | Villager (Male) |
| 2:57 | Create | Villager (Male) |
| 3:21 | Create | Villager (Male) |
| 3:50 | Create | Villager (Male) |
| 4:13 | Create | Villager (Male) |
| 4:20 | Build | House |
| 4:28 | Build | House |
| 4:42 | Research | Loom |
| 4:43 | Create | Villager (Male) |
| 4:45 | Create | Villager (Male) |
| 5:15 | Create | Villager (Male) |
| 5:16 | Create | Villager (Male) |
| 6:15 | Create | Villager (Male) |
| 6:26 | Create | Villager (Male) |
| 6:38 | Build | Mill |
| 6:54 | Create | Villager (Male) |
| 6:55 | Create | Villager (Male) |
| 7:10 | Create | Villager (Male) |
| 8:23 | Create | Villager (Male) |
| 8:40 | Create | Villager (Male) |
| 8:41 | Create | Villager (Male) |
| 8:55 | Research | Loom |
| 8:59 | Research | Feudal Age |
| 11:30 | Age | Feudal Age |
| 13:03 | Build | Lumber Camp |
| 13:13 | Create | Villager (Male) |
| 13:13 | Create | Villager (Male) |
| 13:17 | Research | Double-Bit Axe |
| 13:31 | Build | Mill |
| 13:37 | Build | Farm |
| 13:38 | Build | Farm |
| 13:38 | Build | Farm |
| 13:38 | Build | Farm |
| 13:38 | Build | Farm |
| 13:40 | Build | Farm |
| 13:41 | Build | Farm |
| 13:42 | Build | Farm |
| 14:26 | Create | Villager (Male) |
| 14:27 | Create | Villager (Male) |
| 15:42 | Build | Barracks |
| 16:35 | Create | Militia |
| 17:10 | Build | Farm |
| 17:10 | Build | Farm |
| 17:11 | Build | Farm |
| 17:11 | Build | Farm |
| 17:11 | Build | Farm |
| 17:13 | Build | Farm |
| 17:13 | Build | Farm |
| 17:13 | Build | Farm |
| 17:17 | Create | Villager (Male) |
| 17:18 | Create | Villager (Male) |
| 17:18 | Create | Villager (Male) |
| 17:18 | Create | Villager (Male) |
| 17:32 | Create | Villager (Male) |
| 17:33 | Create | Villager (Male) |
| 17:33 | Create | Villager (Male) |
| 17:37 | Build | Mining Camp |
| 17:47 | Create | Militia |
| 19:02 | Build | Stone Wall |
| 19:45 | Build | Gate |
| 20:11 | Build | Stone Wall |
| 20:31 | Build | Stone Wall |
| 20:42 | Create | Villager (Male) |
| 20:42 | Create | Villager (Male) |
| 20:43 | Create | Villager (Male) |
| 20:43 | Create | Villager (Male) |
| 20:51 | Build | Blacksmith |
| 21:40 | Build | Stone Wall |
| 22:20 | Build | Market |
| 22:33 | Build | Market |
| 22:57 | Build | Stable |
| 23:37 | Create | Villager (Male) |
| 23:38 | Create | Villager (Male) |
| 23:55 | Research | Castle Age |
| 24:07 | Build | Stable |
| 24:23 | Build | Farm |
| 25:48 | Build | Lumber Camp |
| 26:14 | Build | Stone Wall |
| 26:35 | Age | Castle Age |
| 26:54 | Create | Villager (Male) |
| 26:55 | Create | Villager (Male) |
| 26:56 | Create | Villager (Male) |
| 26:56 | Create | Villager (Male) |
| 27:02 | Research | Bow Saw |
| 28:02 | Build | Town Center |
| 28:27 | Build | Town Center |
| 28:31 | Create | Villager (Male) |
| 28:32 | Create | Villager (Male) |
| 28:32 | Create | Villager (Male) |
| 28:58 | Build | Market |
| 29:01 | Build | Market |
| 29:15 | Create | Villager (Male) |
| 29:15 | Create | Villager (Male) |
| 29:15 | Create | Villager (Male) |
| 29:16 | Create | Villager (Male) |
| 29:21 | Build | Mining Camp |
| 29:24 | Create | Villager (Male) |
| 29:33 | Research | Horse Collar |
| 30:05 | Create | Villager (Male) |
| 30:06 | Create | Villager (Male) |
| 30:08 | Create | Villager (Male) |
| 30:08 | Create | Villager (Male) |
| 30:09 | Create | Villager (Male) |
| 30:13 | Create | Villager (Male) |
| 30:13 | Create | Villager (Male) |
| 30:13 | Create | Villager (Male) |
| 30:14 | Create | Villager (Male) |
| 30:14 | Create | Villager (Male) |
| 30:42 | Build | University |
| 30:47 | Build | Monastery |
| 30:51 | Create | Villager (Male) |
| 30:51 | Create | Villager (Male) |
| 30:52 | Create | Villager (Male) |
| 30:53 | Create | Villager (Male) |
| 30:53 | Create | Villager (Male) |
| 30:55 | Create | Villager (Male) |
| 30:56 | Create | Villager (Male) |
| 30:56 | Create | Villager (Male) |
| 30:56 | Create | Villager (Male) |
| 31:23 | Build | House |
| 31:25 | Build | House |
| 31:27 | Build | House |
| 31:29 | Build | House |
| 31:30 | Build | House |
| 31:32 | Build | House |
| 31:33 | Build | House |
| 31:34 | Build | House |
| 31:35 | Build | House |
| 32:21 | Build | Farm |
| 32:33 | Build | Siege Workshop |
| 32:51 | Build | Siege Workshop |
| 33:00 | Create | Monk |
| 33:20 | Research | Imperial Age |
| 33:21 | Create | Villager (Male) |
| 33:26 | Create | Villager (Male) |
| 33:27 | Create | Villager (Male) |
| 33:27 | Create | Villager (Male) |
| 34:16 | Create | Trade Cart ×5 |
Build order — Перелом пиписьки
First 150 of 331 actions detected
| 0:04 | Build | House |
| 0:05 | Build | House |
| 0:20 | Create | Villager (Male) ×4 |
| 0:20 | Create | Villager (Male) ×4 |
| 0:21 | Create | Villager (Male) ×4 |
| 1:40 | Create | Villager (Male) |
| 2:17 | Build | Mill |
| 2:26 | Create | Villager (Male) |
| 2:26 | Create | Villager (Male) |
| 3:03 | Create | Villager (Male) |
| 3:04 | Create | Villager (Male) |
| 3:04 | Create | Villager (Male) |
| 3:22 | Create | Villager (Male) |
| 3:23 | Create | Villager (Male) |
| 3:30 | Build | House |
| 3:32 | Build | House |
| 4:07 | Create | Villager (Male) |
| 4:07 | Create | Villager (Male) |
| 4:07 | Create | Villager (Male) |
| 4:41 | Create | Villager (Male) |
| 4:42 | Create | Villager (Male) |
| 4:42 | Create | Villager (Male) |
| 5:12 | Create | Villager (Male) |
| 5:12 | Create | Villager (Male) |
| 5:13 | Create | Villager (Male) |
| 5:40 | Create | Villager (Male) |
| 5:41 | Create | Villager (Male) |
| 5:41 | Create | Villager (Male) |
| 5:41 | Create | Villager (Male) |
| 6:16 | Build | Lumber Camp |
| 6:55 | Create | Villager (Male) |
| 6:55 | Create | Villager (Male) |
| 6:55 | Create | Villager (Male) |
| 9:05 | Research | Feudal Age |
| 9:45 | Build | House |
| 9:46 | Build | House |
| 9:51 | Research | Double-Bit Axe |
| 10:38 | Research | Horse Collar |
| 10:44 | Create | Villager (Male) ×5 |
| 10:44 | Create | Villager (Male) ×5 |
| 10:44 | Create | Villager (Male) ×5 |
| 10:44 | Create | Villager (Male) ×2 |
| 10:49 | Build | House |
| 10:52 | Build | House |
| 11:15 | Age | Feudal Age |
| 11:50 | Build | Farm |
| 11:52 | Build | Farm |
| 11:54 | Build | Farm |
| 12:13 | Build | Farm |
| 12:52 | Build | Farm |
| 12:54 | Build | Farm |
| 13:13 | Build | Farm |
| 13:25 | Research | Wheelbarrow |
| 13:37 | Build | Farm |
| 13:54 | Create | Villager (Male) |
| 13:54 | Create | Villager (Male) |
| 14:02 | Build | Farm |
| 14:16 | Research | Heavy Plow |
| 14:21 | Create | Villager (Male) |
| 14:37 | Build | Mining Camp |
| 15:29 | Research | Bow Saw |
| 15:42 | Build | Blacksmith |
| 16:11 | Build | Market |
| 16:19 | Create | Villager (Male) |
| 16:52 | Research | Gold Mining |
| 16:53 | Research | Stone Mining |
| 17:11 | Build | Mining Camp |
| 17:17 | Research | Castle Age |
| 17:21 | Research | Loom |
| 17:29 | Build | Farm |
| 17:33 | Build | Farm |
| 17:38 | Build | Farm |
| 17:42 | Build | Farm |
| 17:44 | Build | Farm |
| 17:49 | Build | Farm |
| 18:05 | Create | Villager (Male) ×4 |
| 18:05 | Create | Villager (Male) ×4 |
| 18:50 | Research | Gold Shaft Mining |
| 18:51 | Research | Stone Shaft Mining |
| 19:13 | Create | Villager (Male) |
| 19:14 | Create | Villager (Male) |
| 19:14 | Create | Villager (Male) |
| 19:57 | Age | Castle Age |
| 20:04 | Build | Town Center |
| 21:07 | Create | Villager (Male) ×5 |
| 21:07 | Create | Villager (Male) ×5 |
| 21:10 | Research | Hand Cart |
| 21:14 | Create | Villager (Male) ×5 |
| 21:40 | Build | Town Center |
| 21:49 | Create | Villager (Male) ×5 |
| 21:57 | Create | Villager (Male) ×5 |
| 23:01 | Build | University |
| 23:07 | Build | Barracks |
| 23:11 | Research | Scale Barding Armor |
| 23:12 | Research | Forging |
| 23:46 | Create | Villager (Male) ×5 |
| 24:06 | Create | Villager (Male) ×2 |
| 24:12 | Build | House |
| 24:14 | Build | House |
| 24:15 | Build | House |
| 24:21 | Build | House |
| 24:23 | Build | House |
| 24:24 | Build | House |
| 24:37 | Research | Crop Rotation |
| 24:47 | Create | Villager (Male) ×2 |
| 24:53 | Build | Farm |
| 24:54 | Build | Farm |
| 24:56 | Build | Farm |
| 25:01 | Create | Villager (Male) ×2 |
| 25:12 | Create | Villager (Male) |
| 25:12 | Create | Villager (Male) |
| 25:13 | Create | Villager (Male) |
| 25:30 | Create | Villager (Male) |
| 25:30 | Create | Villager (Male) |
| 25:39 | Build | Farm |
| 25:41 | Build | Farm |
| 25:48 | Build | Farm |
| 25:55 | Build | Farm |
| 25:58 | Build | Farm |
| 26:10 | Build | Farm |
| 26:19 | Research | Caravan |
| 26:20 | Create | Trade Cart ×3 |
| 26:20 | Create | Trade Cart ×3 |
| 26:21 | Create | Trade Cart ×3 |
| 26:27 | Create | Villager (Male) |
| 26:27 | Create | Villager (Male) |
| 26:30 | Create | Villager (Male) |
| 26:30 | Create | Villager (Male) |
| 26:36 | Create | Villager (Male) |
| 26:36 | Create | Villager (Male) |
| 26:43 | Build | House |
| 26:44 | Build | House |
| 27:04 | Research | Two-Man Saw |
| 27:33 | Build | Outpost |
| 27:42 | Build | Lumber Camp |
| 27:50 | Create | Villager (Male) ×5 |
| 27:51 | Create | Villager (Male) ×5 |
| 27:51 | Create | Villager (Male) ×4 |
| 28:00 | Build | Farm |
| 28:08 | Build | Farm |
| 28:12 | Create | Villager (Male) |
| 28:12 | Create | Villager (Male) |
| 28:13 | Create | Villager (Male) |
| 28:18 | Create | Villager (Male) |
| 28:18 | Create | Villager (Male) |
| 28:18 | Create | Villager (Male) |
| 28:19 | Create | Villager (Male) |
| 28:33 | Create | Villager (Male) |
| 28:33 | Create | Villager (Male) |
| 28:33 | Create | Villager (Male) |
Match timeline
| 8:52 | Skanderbeg Liberated · wall_segment Palisade Wall x5 |
| 9:35 | Skanderbeg Liberated · wall_segment Palisade Wall x9 |
| 9:42 | COCA COLA DE VIDRIO · age_up feudal |
| 9:47 | 66狗 · age_up feudal |
| 10:43 | 66狗 · first_market_sell 100 wood |
| 11:15 | Перелом пиписьки · age_up feudal |
| 11:21 | PAPI ALBERT · first_building Barracks |
| 11:30 | 00000000000000000000000000000000 · age_up feudal |
| 11:48 | Skanderbeg Liberated · wall_segment Palisade Wall x6 |
| 12:03 | Skanderbeg Liberated · first_building Barracks |
| 12:23 | Skanderbeg Liberated · wall_segment Palisade Wall x10 |
| 12:29 | ttexit0 · age_up feudal |
| 12:57 | Skanderbeg Liberated · age_up feudal |
| 13:03 | 我是厨子不是愚公,只会做饭不会易大山 · age_up feudal |
| 13:11 | Skanderbeg Liberated · wall_segment Stone Wall x9 |
| 13:12 | 我是厨子不是愚公,只会做饭不会易大山 · first_building Barracks |
| 13:13 | PAPI ALBERT · age_up feudal |
| 13:24 | 66狗 · age_up castle |
| 13:42 | ttexit0 · first_market_sell 100 food |
| 14:15 | Skanderbeg Liberated · wall_segment Palisade Wall x5 |
| 14:58 | 我是厨子不是愚公,只会做饭不会易大山 · wall_segment Stone Wall x6 |
| 15:42 | 00000000000000000000000000000000 · first_building Barracks |
| 16:26 | ttexit0 · age_up castle |
| 16:29 | COCA COLA DE VIDRIO · first_market_sell 100 wood |
| 16:30 | COCA COLA DE VIDRIO · first_market_buy 100 food |
| 17:13 | ttexit0 · first_market_buy 100 stone |
| 17:30 | Skanderbeg Liberated · first_building Stable |
| 18:14 | Skanderbeg Liberated · wall_segment Palisade Wall x1 |
| 19:02 | 00000000000000000000000000000000 · wall_segment Stone Wall x16 |
| 19:13 | COCA COLA DE VIDRIO · age_up castle |
| 19:57 | Перелом пиписьки · age_up castle |
| 20:11 | 00000000000000000000000000000000 · wall_segment Stone Wall x1 |
| 20:31 | 00000000000000000000000000000000 · wall_segment Stone Wall x9 |
| 21:11 | Skanderbeg Liberated · wall_segment Palisade Wall x3 |
| 21:31 | Перелом пиписьки · first_market_buy 100 wood |
| 21:40 | 00000000000000000000000000000000 · wall_segment Stone Wall x4 |
| 21:51 | 我是厨子不是愚公,只会做饭不会易大山 · wall_segment Stone Wall x4 |
| 22:57 | 00000000000000000000000000000000 · first_building Stable |
| 23:03 | 我是厨子不是愚公,只会做饭不会易大山 · wall_segment Stone Wall x2 |
| 23:05 | Skanderbeg Liberated · first_building Archery Range |
| 23:07 | 我是厨子不是愚公,只会做饭不会易大山 · wall_segment Stone Wall x1 |
| 23:07 | Перелом пиписьки · first_building Barracks |
| 23:12 | Skanderbeg Liberated · wall_segment Palisade Wall x6 |
| 23:21 | Skanderbeg Liberated · wall_segment Palisade Wall x1 |
| 23:22 | 我是厨子不是愚公,只会做饭不会易大山 · wall_segment Stone Wall x4 |
| 23:31 | 66狗 · first_building Castle |
| 23:33 | 我是厨子不是愚公,只会做饭不会易大山 · wall_segment Stone Wall x7 |
| 23:41 | 我是厨子不是愚公,只会做饭不会易大山 · wall_segment Stone Wall x17 |
| 23:55 | PAPI ALBERT · age_up castle |
| 24:05 | 我是厨子不是愚公,只会做饭不会易大山 · wall_segment Stone Wall x1 |
| 24:29 | COCA COLA DE VIDRIO · wall_segment Stone Wall x1 |
| 24:36 | 我是厨子不是愚公,只会做饭不会易大山 · wall_segment Stone Wall x8 |
| 24:41 | COCA COLA DE VIDRIO · first_building Barracks |
| 26:11 | PAPI ALBERT · first_building Castle |
| 26:13 | 66狗 · first_building Barracks |
| 26:14 | 00000000000000000000000000000000 · wall_segment Stone Wall x1 |
| 26:35 | 00000000000000000000000000000000 · age_up castle |
| 26:44 | ttexit0 · first_building Monastery |
| 26:58 | 我是厨子不是愚公,只会做饭不会易大山 · wall_segment Stone Wall x1 |
| 27:08 | ttexit0 · first_building Castle |
| 27:15 | 00000000000000000000000000000000 · first_market_buy 100 wood |
| 27:15 | 我是厨子不是愚公,只会做饭不会易大山 · wall_segment Stone Wall x2 |
| 27:36 | 66狗 · first_building Stable |
| 28:12 | PAPI ALBERT · first_building Siege Workshop |
| 28:26 | ttexit0 · first_building Barracks |
| 28:46 | Перелом пиписьки · first_building Siege Workshop |
| 29:09 | 我是厨子不是愚公,只会做饭不会易大山 · first_building Stable |
| 29:35 | Skanderbeg Liberated · age_up castle |
| 29:38 | COCA COLA DE VIDRIO · first_building Castle |
| 29:45 | Перелом пиписьки · first_building Castle |
| 30:02 | ttexit0 · first_building Stable |
| 30:06 | 66狗 · age_up imperial |
| 30:47 | 00000000000000000000000000000000 · first_building Monastery |
| 31:36 | ttexit0 · age_up imperial |
| 31:50 | ttexit0 · first_building Siege Workshop |
| 32:17 | 我是厨子不是愚公,只会做饭不会易大山 · age_up castle |
| 32:24 | 我是厨子不是愚公,只会做饭不会易大山 · first_building Castle |
| 32:33 | 00000000000000000000000000000000 · first_building Siege Workshop |
| 33:32 | COCA COLA DE VIDRIO · first_building Stable |
| 34:21 | 我是厨子不是愚公,只会做饭不会易大山 · wall_segment Stone Wall x5 |
| 36:06 | Перелом пиписьки · age_up imperial |
| 36:24 | 我是厨子不是愚公,只会做饭不会易大山 · wall_segment Stone Wall x3 |
| 36:30 | 00000000000000000000000000000000 · age_up imperial |
| 37:14 | PAPI ALBERT · first_market_buy 100 stone |
| 37:19 | COCA COLA DE VIDRIO · age_up imperial |
| 38:44 | PAPI ALBERT · age_up imperial |
| 38:46 | Перелом пиписьки · first_building Stable |
| 39:06 | Skanderbeg Liberated · first_building Monastery |
| 39:09 | PAPI ALBERT · resign |
| 41:07 | Skanderbeg Liberated · first_building Castle |
| 43:41 | 66狗 · tribute_sent a jugador 1 |
| 43:41 | 66狗 · tribute_sent a jugador 2 |
| 43:41 | 66狗 · tribute_sent a jugador 4 |
| 43:41 | 66狗 · tribute_sent a jugador 5 |
| 43:41 | 66狗 · tribute_sent a jugador 6 |
| 43:41 | 66狗 · tribute_sent a jugador 7 |
| 43:41 | 66狗 · tribute_sent a jugador 8 |
| 44:00 | Skanderbeg Liberated · age_up imperial |
| 45:36 | 00000000000000000000000000000000 · first_building Castle |
| 46:33 | 66狗 · tribute_sent a jugador 1 |
| 46:33 | 66狗 · tribute_sent a jugador 2 |
| 46:33 | 66狗 · tribute_sent a jugador 4 |
| 46:33 | 66狗 · tribute_sent a jugador 5 |
| 46:33 | 66狗 · tribute_sent a jugador 6 |
| 46:33 | 66狗 · tribute_sent a jugador 7 |
| 46:33 | 66狗 · tribute_sent a jugador 8 |
| 48:10 | 66狗 · tribute_sent a jugador 1 |
| 48:10 | 66狗 · tribute_sent a jugador 2 |
| 48:10 | 66狗 · tribute_sent a jugador 4 |
| 48:10 | 66狗 · tribute_sent a jugador 5 |
| 48:10 | 66狗 · tribute_sent a jugador 6 |
| 48:10 | 66狗 · tribute_sent a jugador 7 |
| 48:10 | 66狗 · tribute_sent a jugador 8 |
| 48:37 | 00000000000000000000000000000000 · first_market_sell 500 wood |
| 48:45 | Перелом пиписьки · first_market_sell 500 wood |
| 57:29 | 66狗 · first_market_buy 100 stone |
| 57:41 | ttexit0 · wall_segment Stone Wall x3 |
[ AI ANALYSIS · 1 CREDIT ]
What really happened in this match?
Wolo.gg analyzes every decision: build order, eco, micro, common mistakes by bracket. Personalized analysis on WhatsApp or Discord in 30 seconds.
Civ guide
Persians
Perfil
Jugador #10593980